Map: Lerilak Crest

Players

Nickdogg

  • Race: Zerg Zerg
  • League: Platinum

LilDicky - Winner!

  • Race: Terran Terran
  • League: Diamond

VOD

http://www.twitch.tv/tumescentpie

Description

Time

  • Played on: Nov. 25, 2015, 11:45 p.m.
  • Length: 13:16
Show
View Real Time Build Order
Export as new Build Order

Nickdogg Zerg 

Build Orders: 3 Hatch before Pool 

Get SALT Encoding   

  12  0:01  Drone  
  13  0:12  Overlord  
  13  0:17  Drone  
  14  0:30  Drone  
  14  0:31  Drone  
  14  0:35  Drone  
  17  0:45  Drone  
  18  0:59  Hatchery, Drone  
  18  1:06  Drone  
  19  1:17  Drone  
  20  1:25  Hatchery  
  20  1:28  Drone  
  20  1:31  Extractor  
  19  1:39  Drone  
  20  1:48  Spawning Pool  
  20  1:50  Drone  
  20  2:00  Drone  
  21  2:13  Drone  
  21  2:14  Drone  
  23  2:22  Drone  
  24  2:29  Drone  
  25  2:40  Drone, Queen  
  25  2:41  Queen  
  25  2:43  Queen  
  32  2:44  Zergling x2  
  32  2:45  Drone  
  32  2:49  Overlord  
  34  3:00  Overlord  
  34  3:09  Drone x3  
  34  3:10  Drone  
  34  3:11  Drone  
  39  3:13  Zergling x2  
  39  3:16  Queen  
  42  3:20  Drone x2  
  42  3:23  Metabolic Boost  
  42  3:26  Extractor  
  43  3:29  Queen  
  45  3:34  Queen  
  47  3:44  Drone x2, Zergling x2  
  47  3:45  Overlord  
  47  3:47  Overlord  
  50  4:03  Overlord  
  50  4:04  Overlord  
  50  4:06  Lair  
  50  4:14  Drone x5  
  50  4:15  Drone x2  
  58  4:24  Drone x4  
  58  4:25  Drone  
  62  4:37  Zergling x8  
  62  4:38  Zergling x2  
  66  4:46  Zergling x2  
  66  4:47  Zergling x2  
  66  4:51  Extractor  
  66  4:52  Extractor  
  66  4:57  Drone x4, Extractor  
  66  4:58  Drone, Extractor  
  69  5:04  Drone  
  70  5:08  Drone  
  70  5:12  Spire  
  70  5:15  Drone  
  70  5:16  Drone x2  
  73  5:27  Overlord x2  
  73  5:28  Overlord  
  73  5:37  Hatchery  
  72  5:52  Overlord x2, Drone  
  72  5:53  Drone x4  
  72  5:54  Zergling x8  
  81  6:00  Evolution Chamber  
  81  6:01  Evolution Chamber, Spore Crawler  
  81  6:04  Spore Crawler, Drone  
  77  6:05  Drone x6  
  77  6:07  Spore Crawler  
  77  6:10  Spore Crawler  
  79  6:45  Mutalisk x5  
  79  6:46  Mutalisk x4  
  95  6:51  Mutalisk  
  97  7:06  Overlord, Zergling x2  
  96  7:33  Mutalisk x4  
  99  7:55  Mutalisk x3  
  99  7:56  Overlord x3  
  99  7:57  Overlord x2  
  99  7:58  Zergling x2  
  106  8:13  Extractor  
  106  8:14  Hatchery x2  
  103  8:24  Zergling x6  
  103  8:25  Zergling x6  
  109  8:28  Baneling Nest  
  109  8:29  Zerg Ground Armor Level 1, Zerg Melee Weapons Level 1  
  109  8:32  Zerg Flyer Weapons Level 1  
  108  8:38  Infestation Pit  
  107  8:53  Zergling x8  
  111  9:00  Roach Warren  
  109  9:23  Baneling  
  109  9:24  Baneling x8  
  109  9:25  Baneling x5  
  109  9:42  Glial Reconstitution  
  87  9:58  Zergling x4  
  87  9:59  Zergling x10  
  70  10:00  Mutalisk x5, Zergling x8  
  70  10:01  Zergling x6  
  87  10:07  Zergling x4  
  87  10:10  Zergling x2  
  87  10:11  Zergling x16  
  87  10:12  Zergling x12  
  103  10:22  Baneling x3  
  103  10:23  Baneling x8  
  103  10:24  Baneling x5  
  103  10:25  Mutalisk x5  
  103  10:27  Zergling x10  
  64  11:13  Roach x2, Zergling x4  
  64  11:14  Roach x6, Zergling x10  
  81  11:31  Roach x2, Zergling x4  
  84  11:36  Baneling x7  
  84  11:37  Baneling  
  76  11:43  Zergling x4  
  76  11:44  Zergling x2  
  79  11:49  Zergling x2  
  79  11:50  Roach x2  
  83  12:02  Hatchery  
  72  12:16  Roach, Zergling x4  
  72  12:17  Roach x6, Zergling x8  
  91  12:35  Roach x3, Zergling x6  
  91  12:36  Roach, Zergling x2  
  93  13:09  Hatchery  
Show
View Real Time Build Order
Export as new Build Order

LilDicky Terran - Winner!

Build Orders: Command Center First (CC), Liberator Opening 

Get SALT Encoding   

  12  0:01  SCV  
  13  0:13  SCV  
  14  0:17  Supply Depot  
  14  0:25  SCV  
  15  0:39  SCV  
  16  0:59  Command Center  
  16  1:01  SCV  
  17  1:14  Barracks  
  17  1:17  SCV  
  18  1:24  Refinery  
  18  1:29  SCV  
  19  1:42  SCV  
  20  1:49  Refinery  
  20  1:55  SCV  
  21  2:01  Marine  
  21  2:05  Bunker  
  22  2:10  Orbital Command  
  22  2:17  Supply Depot  
  22  2:24  Supply Depot  
  22  2:32  Marine  
  22  2:33  Factory  
  23  2:42  Orbital Command  
  23  2:50  SCV, Marine  
  25  3:02  SCV  
  26  3:08  Marine  
  26  3:10  SCV  
  28  3:23  Factory Tech Lab  
  28  3:24  Starport  
  28  3:27  Barracks Reactor, SCV  
  28  3:28  SCV  
  28  3:29  Refinery  
  28  3:31  Refinery  
  30  3:39  SCV  
  30  3:40  SCV  
  32  3:44  Siege Tank  
  35  3:52  SCV x2  
  37  3:59  Liberator  
  37  4:04  SCV x2  
  39  4:16  SCV, Siege Tank  
  46  4:30  Supply Depot  
  46  4:50  Liberator x2  
  46  4:52  SCV x2, Marine  
  52  4:55  Supply Depot  
  52  5:02  Siege Tank  
  52  5:04  Command Center, SCV x2  
  54  5:08  Supply Depot  
  54  5:13  Marine  
  61  5:16  SCV x2  
  61  5:20  Barracks  
  63  5:26  Supply Depot  
  63  5:28  SCV  
  63  5:29  SCV  
  63  5:31  Marine  
  63  5:34  Siege Tank  
  69  5:36  Liberator x2  
  69  5:40  SCV  
  69  5:41  SCV  
  77  6:03  SCV  
  78  6:04  SCV  
  78  6:05  Marine  
  78  6:06  Siege Tank  
  78  6:08  Marine  
  84  6:11  Supply Depot  
  84  6:15  SCV  
  85  6:23  Marine  
  85  6:25  Marine  
  86  6:33  Liberator x2  
  86  6:39  Siege Tank  
  89  6:41  Marine  
  89  6:43  Marine  
  91  6:47  SCV  
  91  6:48  SCV  
  99  6:56  Barracks x2  
  99  6:57  Supply Depot x2  
  99  6:58  Barracks  
  99  6:59  SCV, Marine  
  99  7:36  Siege Tank  
  100  7:39  SCV x2  
  100  7:42  Barracks Tech Lab  
  100  7:43  Marine  
  100  7:44  Marine x2  
  105  7:53  Orbital Command  
  105  7:54  SCV x2  
  105  7:57  Medivac  
  105  7:58  Medivac  
  112  7:59  Barracks Tech Lab  
  112  8:01  Stimpack, Marine x2  
  112  8:03  Barracks Reactor  
  112  8:04  Barracks Reactor  
  113  8:06  SCV  
  113  8:07  SCV  
  115  8:17  Combat Shields  
  115  8:19  Marine x3  
  118  8:25  Barracks  
  118  8:26  Barracks x2  
  118  8:30  Engineering Bay  
  118  8:32  Engineering Bay  
  118  8:36  Marine  
  118  8:37  SCV x2, Marauder, Marine  
  118  8:38  Supply Depot  
  118  8:40  Marine  
  125  8:47  Supply Depot x2  
  125  8:59  SCV x2, Marine x4  
  125  9:00  Marauder  
  133  9:05  Supply Depot  
  133  9:06  Marauder, SCV, Medivac x2, Marine  
  133  9:07  Missile Turret  
  133  9:08  Missile Turret  
  141  9:10  Terran Infantry Weapons Level 1, Terran Infantry Armor Level 1  
  141  9:12  SCV  
  141  9:15  Armory  
  141  9:16  SCV  
  143  9:20  Marine  
  143  9:21  Refinery, Marauder  
  146  9:26  Missile Turret  
  146  9:27  Missile Turret, Marauder  
  146  9:30  Missile Turret  
  144  9:31  Missile Turret  
  144  9:33  Missile Turret  
  144  9:34  Marine  
  144  9:36  SCV x2  
  146  9:41  Marine x2  
  146  9:42  Marauder  
  146  9:43  SCV  
  146  9:45  Marine x2  
  152  9:48  Marine x2  
  152  9:49  Marauder  
  139  10:04  Marauder  
  141  10:08  Marine x2  
  141  10:10  Siege Tank, Marauder  
  148  10:17  Command Center  
  148  10:23  Marine  
  148  10:24  Marine  
  148  10:25  Marauder  
  152  10:39  Marauder, Marine  
  152  10:40  Marine  
  152  10:42  Siege Tank  
  158  10:47  Marauder  
  157  10:57  Marine  
  157  11:01  Marauder  
  131  11:04  Marine x4  
  131  11:05  Marine x3  
  131  11:08  Marauder  
  131  11:10  Medivac x2  
  125  11:14  Siege Tank, Marine  
  129  11:22  Marauder, Marine x4  
  135  11:29  Marauder  
  134  11:41  Marine x2  
  134  11:44  Marine x2, Marauder  
  134  11:45  Marine  
  134  11:47  Barracks Tech Lab x3  
  141  11:49  Orbital Command  
  141  11:51  Marauder  
  143  11:59  Marine x2  
  145  12:02  Marine x2  
  145  12:03  Marine  
  145  12:05  Marauder  
  150  12:12  Marauder  
  149  12:16  Marine  
  150  12:26  Marauder  
  149  12:33  Marauder  
  149  12:34  Marauder, Marine  
  149  12:37  Marine x6  
  151  12:48  Marauder  
  153  12:52  Marine  
  153  12:54  Marine  
  153  12:55  Marine x3, Marauder  
  153  12:57  Factory  
  173  12:58  Factory  
  173  12:59  Factory  
Tags
 
Add a new tag
Caveats
  • Supply blocks, unpowered buildings, or Contaminate may cause inaccurate times.
  • Supply counts are checked every 10 seconds.